 Dungeon Crawl Stone Soup version 0.18-a0-1180-g64ccc1e (webtiles) character file.

634 Leszczynek the Covert (level 7, -1/55 HPs)
             Began as a Naga Wizard on Jan 27, 2016.
             Was a Follower of Ashenzari.
             Slain by an orc (4 damage)
             ... on level 5 of the Dungeon.
             The game lasted 00:22:30 (6962 turns).

Leszczynek the Covert (Naga Wizard)                 Turns: 6962, Time: 00:22:30

Health: -1/55      AC:  4    Str: 10    XL:     7   Next: 49%
Magic:  11/11      EV:  9    Int: 19    God:    Ashenzari [*.....]
Gold:   260        SH:  0    Dex: 10    Spells: 3 memorised, 7 levels left

rFire  . . .     SeeInvis +     t - +0 great sword
rCold  . . .     Gourm    .     j - +0 robe
rNeg   . . .     Faith    .     (shield currently unavailable)
rPois  +         Spirit   .     g - +0 hat
rElec  .         Dismiss  .     u - +0 cloak
rCorr  .         Reflect  .     (no gloves)
SustAt .         Harm     .     (no barding)
MR     +....                    (no amulet)
Stlth  ++++......               (no ring)
                                w - ring of protection from magic

@: very slow, somewhat resistant to hostile enchantments, stealthy
A: horns 1, see invisible, deformed body, poison resistance, slowness 2, slow
metabolism 1, spit poison 2, AC +2
a: Spit Poison, Scrying, Renounce Religion


You were on level 5 of the Dungeon.
You worshipped Ashenzari.
Ashenzari was aware of your devotion.
You were hungry.

You visited 1 branch of the dungeon, and saw 5 of its levels.
You also visited: Ossuary.

You collected 260 gold pieces.

Inventory:

Hand Weapons
 a - a +1 dagger of electrocution
 b - a +0 short sword
 k - a +0 dagger of freezing
 t - a +0 great sword (weapon)
Missiles
 e - 58 stones (quivered)
 o - 22 arrows
Armour
 g - a +0 hat (worn)
 j - a +0 robe (worn)
 u - a +0 cloak (worn)
Jewellery
 v - an uncursed amulet of rage
 w - a ring of protection from magic (left hand)
Scrolls
 h - 4 scrolls of teleportation
 m - a scroll of immolation {unknown}
 n - a scroll of amnesia {unknown}
 q - a scroll of random uselessness {unknown}
 r - 3 scrolls of identify {unknown}
 s - a scroll of noise {unknown}
 y - a scroll of recharging {unknown}
Potions
 x - a potion of invisibility
 A - a potion of flight
Books
 c - a book of Minor Magic

   Spells                             Type                      Level
   a - Magic Dart                     Conjuration                  1
   b - Blink                          Translocation                2
   c - Call Imp                       Summoning                    2
   d - Repel Missiles                 Charms/Air                   2
   e - Slow                           Hexes                        2
   f - Conjure Flame                  Conjuration/Fire             3
   g - Mephitic Cloud                 Conjuration/Poison/Air       3
Comestibles
 d - 2 bread rations
 f - 6 fruits
 i - a beef jerky
 l - 5 meat rations
 p - 2 slices of pizza


   Skills:
 - Level 2.9(3.5) Short Blades
 * Level 3.0(3.5) Long Blades
 - Level 1.5 Dodging
 - Level 8.0 Stealth
 - Level 3.0 Spellcasting
 - Level 1.0 Conjurations
 - Level 3.0 Hexes
 + Level 2.0 Charms
   Level 1.0 Summonings
   Level 1.0 Translocations
 - Level 1.0 Air Magic


You had 7 spell levels left.
You knew the following spells:

 Your Spells              Type           Power        Failure   Level  Hunger
a - Magic Dart            Conj           #...         12%         1    None
b - Repel Missiles        Chrm/Air       #.....       14%         2    ##.....
c - Slow                  Hex            ##......     10%         2    ##.....


Dungeon Overview and Level Annotations

Branches:
Dungeon (5/15)
 Temple: D:4-7

Altars:
Ashenzari
Qazlal
Ru


Innate Abilities, Weirdness & Mutations

You cannot wear boots.
Your serpentine skin is tough (AC +2).
You have supernaturally acute eyesight.
Armour fits poorly on your strangely shaped body.
Your system is resistant to poisons.
You cover ground very slowly.
You have a slow metabolism.
You can spit poison.
You have a pair of small horns on your head.


Message History

The orc wizard casts a spell at you. The magic dart hits you!
The orc hits you but does no damage. x2
The orc hits you with a morningstar! The orc closely misses you.
Unknown command.
You closely miss the orc. The orc wizard hits you with a dagger.
The orc hits you with a club. The orc hits you with a morningstar!
* * * LOW HITPOINT WARNING * * *
The orc hits you but does no damage.
The orc wizard hits you but does no damage.
Unknown command.
Unknown command.
You barely miss the orc wizard.
The orc wizard is moderately wounded.
The orc wizard points at you and mumbles some strange words.
The magic dart hits you!
* * * LOW HITPOINT WARNING * * *
The orc hits you with a club.
* * * LOW HITPOINT WARNING * * *
The orc hits you.
You die...

....## ##....#.....##..#.#
..## #.#.......##.. ...#. .
##....##..##.##.....
##.....#.###.#....#
##..##....##?.....##.
#.....#..............
#....................
##..#..#.##o.#.#.....
##...##..##@oo.......$#
####....#...##oo..........
..........#.#.>r.......#...
#######................# ..
##.....##.........
#...<.#...........
##......#..........
###....##...... ......


You could see an orc wizard, 4 orcs and a quokka.

Vanquished Creatures
  4 wights (D:3)
  A giant frog zombie (D:5)
  A hound (D:5)
  A gnoll shaman (D:4)
  A centaur skeleton (D:4)
  An iguana (D:4)
  3 worker ants (D:4)
  An orc wizard (D:3)
  7 gnolls
  3 adders
  An ooze (D:5)
  3 worms (D:2)
  4 giant geckos
  7 orcs
  7 giant cockroaches
  14 goblins
  9 hobgoblins
  7 jackals (D:2)
  5 quokkas
  8 bats
  6 giant newts
  A jackal skeleton (D:4)
  8 kobolds
  7 rats
110 creatures vanquished.

Notes
Turn   | Place    | Note
--------------------------------------------------------------
     0 | D:1      | Leszczynek the Naga Wizard began the quest for the Orb.
     0 | D:1      | Reached XP level 1. HP: 15/15 MP: 4/4
   323 | D:1      | Reached skill level 4 in Stealth
   323 | D:1      | Reached XP level 2. HP: 22/22 MP: 4/6
   368 | D:1      | Learned a level 2 spell: Repel Missiles
   372 | D:1      | Learned a level 2 spell: Slow
  1040 | D:1      | Reached skill level 1 in Short Blades
  1572 | D:1      | Reached XP level 3. HP: 28/28 MP: 4/7
  1740 | D:2      | Gained mutation: You are weak. (Str -2) [potion of mutation]
  1740 | D:2      | Gained mutation: You evolve. [potion of mutation]
  1740 | D:2      | Gained mutation: You are frail (-10% HP). [potion of mutation]
  1753 | D:2      | Gained mutation: You have a pair of small horns on your head. [evolution]
  2580 | D:2      | Reached skill level 1 in Hexes
  2610 | D:2      | Reached skill level 5 in Stealth
  2812 | D:2      | Reached XP level 4. HP: 32/32 MP: 6/8
  3589 | D:2      | Lost mutation: You are frail (-10% HP). [potion of cure mutation]
  3589 | D:2      | Lost mutation: You are weak. (Str -2) [potion of cure mutation]
  3589 | D:2      | Lost mutation: You evolve. [potion of cure mutation]
  3852 | D:2      | Reached skill level 6 in Stealth
  4401 | D:3      | Reached XP level 5. HP: 23/42 MP: 1/9
  4534 | D:3      | Found a faded altar to an unknown god.
  4558 | D:3      | Became a worshipper of Ashenzari the Shackled
  4558 | D:3      | Reached * piety under Ashenzari
  5235 | D:3      | Reached skill level 7 in Stealth
  5235 | D:3      | Reached XP level 6. HP: 44/49 MP: 7/10
  5535 | D:3      | Reached skill level 8 in Stealth
  5717 | D:4      | Reached skill level 1 in Long Blades
  5807 | D:4      | Found a sacrificial altar of Ru.
  5826 | D:4      | Reached XP level 7. HP: 48/55 MP: 5/11
  5843 | D:4      | Found a sand-covered staircase.
  5864 | Ossuary  | Entered an ossuary
  5864 | Ossuary  | Noticed tasslehoff34's ghost (novice SpAs)
  5990 | D:4      | Reached skill level 1 in Charms
  5990 | D:4      | Reached skill level 1 in Air Magic
  6034 | D:4      | HP: 2/55 [gnoll/halberd (10)]
  6340 | D:4      | Found a stormy altar of Qazlal.
  6832 | D:5      | Entered Level 5 of the Dungeon
  6962 | D:5      | Slain by an orc

Vault maps used:
D:1:      minmay_arrival_four_loops
D:3:      ecumenical_altar_2
D:4:      hangedman_ru_absence, grunt_qazlal_clouds,
          nicolae_ossuary_entry_false_entrances, first_bread
D:5:      minmay_temple_entry_mist, portal_sewer_entry_f
Ossuary:  ossuary_tomb_1

Action                   |  1- 3 |  4- 6 |  7- 9 || total
-------------------------+-------+-------+-------++-------
Melee: Short sword       |   116 |     5 |       ||   121
       Dagger            |     2 |   157 |       ||   159
       Great sword       |       |    15 |    43 ||    58
Throw: Stone             |       |     4 |     1 ||     5
 Cast: Magic Dart        |    35 |    11 |       ||    46
       Slow              |    10 |    32 |     4 ||    46
  Use: Potion            |     5 |     1 |     2 ||     8
       Scroll            |       |       |     1 ||     1
 Stab: Sleeping          |     3 |     6 |     2 ||    11
       Distracted        |       |     2 |       ||     2
  Eat: Chunk             |     4 |     9 |     3 ||    16
